 Dungeon Crawl Stone Soup version 0.30-a0-305-g026cb31310 (webtiles) character file.

Game seed: 4905080206908462116

332 themarg the Fighter (level 6, -12/93 HPs)
             Began as a Minotaur Fighter on Oct 24, 2022.
             Was a Follower of Elyvilon.
             Mangled by an ogre
             ... wielding a +0 giant spiked club
              (28 damage)
             ... on level 4 of the Dungeon.
             The game lasted 00:06:38 (2579 turns).

themarg the Fighter (Minotaur Fighter)              Turns: 2579, Time: 00:06:39

Health: -12/93     AC:  6    Str: 23    XL:     6   Next: 26%
Magic:  5/5        EV:  9    Int:  5    God:    Elyvilon [*.....]
Gold:   195        SH:  4    Dex:  9    Spells: 5/5 levels left

rFire   . . .      SeeInvis .    a - +0 war axe
rCold   . . .      Faith    .    c - +0 buckler
rNeg    . . .      Spirit   .    b - +0 scale mail
rPois   .          Reflect  .    (helmet restricted)
rElec   .          Harm     .    (no cloak)
rCorr   .          Rampage  .    (no gloves)
Will    .....                    (no boots)
Stlth   ..........               (no amulet)
HPRegen 0.35/turn                (no ring)
MPRegen 0.09/turn                (no ring)

@: berserking, very quick
A: horns 2, retaliatory headbutt
a: Renounce Religion, Purification


You were on level 4 of the Dungeon.
You worshipped Elyvilon.
Elyvilon was aware of your devotion.
You visited 1 branch of the dungeon, and saw 4 of its levels.

You collected 195 gold pieces.

Inventory:

Hand Weapons
 a - a +0 war axe (weapon)
Missiles
 e - 41 stones (quivered)
Armour
 b - a +0 scale mail (worn)
 c - a +0 buckler (worn)
Wands
 o - a wand of charming (2)
Scrolls
 f - a scroll of enchant weapon {unknown}
 g - a scroll of poison {unknown}
 h - a scroll of fog
 k - a scroll of fear {unknown}
 p - 2 scrolls of acquirement {unknown}
 q - 2 scrolls of blinking {unknown}
 s - a scroll of immolation {unknown}
Potions
 d - a potion of might
 i - 3 potions of degeneration
 j - a potion of lignification {unknown}
 l - a potion of berserk rage
 m - a potion of curing
 n - a potion of brilliance {unknown}
 r - a potion of invisibility {unknown}


   Skills:
 + Level 8.6 Fighting
 - Level 2.4 Axes
 - Level 3.6 Armour
 - Level 3.6 Shields


You had 5 spell levels left.
You didn't know any spells.
Your spell library contained the following spells:

 Spells                   Type           Power      Damage    Failure   Level
 Apportation              Tloc           0%         N/A       86%         1
 Alistair's Intoxication  Tmut/Pois      0%         N/A       100%        5


Dungeon Overview and Level Annotations

Branches:
Dungeon (4/15)             Temple (0/1) D:4

Altars:
Elyvilon


Innate Abilities, Weirdness & Mutations

You have a pair of horns on your head.
You reflexively headbutt those who attack you in melee.


Message History

A goblin comes into view. It is wielding a +0 club.
Found 11 gold pieces.
The goblin moves out of view.
The goblin closely misses you.
You slash the goblin!
You kill the goblin!
An ogre and an endoplasm come into view.
The ogre shouts!
The endoplasm quivers.
Found a staircase to the Ecumenical Temple.
You see here 11 gold pieces.
You now have 195 gold pieces (gained 11).
The endoplasm hits you but does no damage.
You slash the endoplasm!
You kill the endoplasm!
Found a sling.
The ogre hits you with a +0 giant spiked club!
You hit the ogre.
The ogre is lightly wounded.
The ogre hits you with a +0 giant spiked club!
You slash the ogre!
The ogre is heavily wounded.
The ogre hits you with a +0 giant spiked club!
You barely miss the ogre.
You headbutt the ogre, but do no damage.
The ogre is heavily wounded.
The ogre hits you with a +0 giant spiked club!!
Elyvilon protects you from harm!
You barely miss the ogre. You headbutt the ogre.
The ogre is severely wounded.
The ogre hits you with a +0 giant spiked club!
* * * LOW HITPOINT WARNING * * *
You completely miss the ogre.
The ogre is severely wounded.
You block the ogre's attack.
A red film seems to cover your vision as you go berserk!
You feel yourself moving faster!
You feel mighty!
You barely miss the ogre.
The ogre is heavily wounded.
The ogre hits you with a +0 giant spiked club!!
You die...

### .. #.. ..#.##.
#.# #.#...
#.####....##. #
#.##...##....##.#.
#.##.#....##.....
#<##.#).#... >.##.
##.#.#...#.##......
#...##.....@..#
#.....####.##.#O....#
#.###...
#....#..##...
......#..##...... #
......#.......##.#.
######......##.. .#
.. .##.... ... . )
#.##.... ### #.


You could see an ogre.

Vanquished Creatures
  Sigmund (D:3)
  Jessica (D:3)
  Ijyb (D:3)
  5 adders
  A worm (D:3)
  4 dart slugs
  2 orcs
  7 bats
  12 endoplasms
  A giant cockroach (D:2)
  10 goblins
  6 hobgoblins
  2 quokkas
  3 ball pythons
  6 frilled lizards
  6 kobolds
  5 rats
73 creatures vanquished.

Notes
Turn   | Place    | Note
-------+----------+-------------------------------------------
     0 | D:1      | themarg the Minotaur Fighter began the quest for the Orb.
     0 | D:1      | Reached XP level 1. HP: 19/19 MP: 0/0
    72 | D:1      | Reached skill level 4 in Fighting
   234 | D:1      | Reached XP level 2. HP: 28/28 MP: 1/1
   742 | D:2      | Reached skill level 5 in Fighting
   755 | D:2      | Reached XP level 3. HP: 36/36 MP: 2/2
   972 | D:2      | Reached XP level 4. HP: 44/44 MP: 3/3
  1099 | D:2      | Reached skill level 6 in Fighting
  1402 | D:3      | Noticed Jessica
  1402 | D:3      | Found a faded altar of an unknown god.
  1405 | D:3      | Prayed at the altar of an unknown god.
  1405 | D:3      | Became a worshipper of Elyvilon the Healer
  1405 | D:3      | Reached * piety under Elyvilon
  1410 | D:3      | Killed Jessica
  1558 | D:3      | Noticed Ijyb
  1607 | D:3      | Killed Ijyb
  1608 | D:3      | Reached skill level 7 in Fighting
  1608 | D:3      | Reached XP level 5. HP: 39/52 MP: 4/4
  2062 | D:3      | Noticed Sigmund
  2071 | D:3      | Killed Sigmund
  2072 | D:3      | Reached skill level 8 in Fighting
  2072 | D:3      | Reached XP level 6. HP: 47/62 MP: 5/5
  2569 | D:4      | Found a staircase to the Ecumenical Temple.
  2575 | D:4      | Elyvilon protects you from harm!
  2579 | D:4      | Mangled by an ogre

Illustrated notes

Levels and vault maps discovered:
D:1:      lightli_arrival_noodles, layout_basic, corexii_corridor_pit,
          minmay_small_reverse_x
D:2:      layout_loops_ring
D:3:      layout_basic, nicolae_ecumenical_pavilion, minmay_goblin_outpost,
          uniq_ijyb, uniq_jessica, uniq_sigmund
D:4:      layout_loops_ring, minmay_temple_entry_ruins

Skill      XL: |  1  2  3  4  5 |
---------------+----------------+-----
Fighting       | 4 5 7 8 |  8.6
Axes           | |  2.4
Armour         | |  3.6
Shields        | |  3.6

Action                   |  1- 3 |  4- 6 || total
-------------------------+-------+-------++-------
Melee: War axe           |    67 |    72 ||   139
       Headbutt          |     8 |     6 ||    14
Throw: Stone             |       |     5 ||     5
  Use: Scroll            |       |     3 ||     3
       Potion            |       |     1 ||     1
Armor: Scale mail        |    28 |    28 ||    56
Dodge: Dodged            |    23 |    27 ||    50
Block: Buckler           |    14 |    18 ||    32

Table legend: (Time is in decaauts)
 A = Elapsed time spent in this place.
 B = Non-inter-level travel time spent in this place.
 C = Inter-level travel time spent in this place.
 D = Time resting spent in this place.
 E = Time spent auto-exploring this place.
 F = Levels seen in this place.
 G = Mean time per level.
                   A        B        C        D        E       F      G
               +--------+--------+--------+--------+--------+-----+--------+
         Total |   2637 |   2580 |     57 |    225 |   1880 |   4 |  659.2 |
       Dungeon |   2637 |   2580 |     57 |    225 |   1880 |   4 |  659.2 |
               +--------+--------+--------+--------+--------+-----+--------+

Top non-repeatable levels by time:
     D:3: 1171 daAuts
     D:1: 750 daAuts
     D:2: 692 daAuts
     D:4: 23 daAuts
